 Dungeon Crawl Stone Soup version 0.27-a0-1312-g5cdb2b3542 (webtiles) character file.

Game seed: 15075956866833432224

37 puppykicker the Vexing (level 3, 0/27 HPs)
             Began as a Formicid Arcane Marksman on June 21, 2021.
             Slain by a gnoll (2 damage)
             ... on level 2 of the Dungeon.
             The game lasted 00:04:24 (1529 turns).

puppykicker the Vexing (Formicid Arcane Marksman)   Turns: 1529, Time: 00:04:24

Health: 0/27       AC:  2    Str: 14    XL:     3   Next: 60%
Magic:  4/4        EV: 11    Int: 13    God:
Gold:   25         SH:  4    Dex: 11    Spells: 1/4 levels left

rFire    . . .     SeeInvis +   b - +0 mace
rCold    . . .     Faith    .   g - +0 buckler
rNeg     . . .     Spirit   .   d - +0 robe
rPois    .         Reflect  .   (helmet unavailable)
rElec    .         Harm     .   (no cloak)
rCorr    .         Rampage  .   (no gloves)
Will     .....                  (no boots)
Stlth    +.........             (no amulet)
HPRegen  0.09/turn              (no ring)
MPRegen  0.09/turn              (no ring)

@: mighty, flying
A: permanent stasis, dig shafts and tunnels, antennae 3, four strong arms
a: Dig, Shaft Self


You were on level 2 of the Dungeon.
You visited 1 branch of the dungeon, and saw 2 of its levels.

You collected 25 gold pieces.

Inventory:

Hand Weapons
 a - a +0 hand crossbow
 b - a +0 mace (weapon)
Missiles
 f - 7 javelins (quivered)
 h - 2 throwing nets
 Q - 19 bolts
Armour
 c - a +3 plate armour
 d - a +0 robe (worn)
 g - a +0 buckler (worn)
Scrolls
 e - 2 scrolls of teleportation {unknown}
 j - a scroll of magic mapping {unknown}
Potions
 k - a potion of might


   Skills:
 + Level 2.0 Fighting
 + Level 2.9 Crossbows
 - Level 1.7 Dodging
 * Level 1.6 Shields
 - Level 1.1 Spellcasting
 - Level 3.6 Hexes


You had one spell level left.
You knew the following spells:

 Your Spells              Type           Power      Damage    Failure   Level
a - Corona                Hex            11%        N/A       8%          1
s - Slow                  Hex            10%        N/A       12%         2

Your spell library contained the following spells:

 Spells                   Type           Power      Damage    Failure   Level
 Inner Flame              Hex/Fire       5%         N/A       43%         3
 Portal Projectile        Hex/Tloc       10%        N/A       43%         3
 Cause Fear               Hex            5%         N/A       58%         4
 Leda's Liquefaction      Hex/Erth       2%         N/A       83%         4


Dungeon Overview and Level Annotations

Branches:
Dungeon (2/15)

Altars:


Innate Abilities, Weirdness & Mutations

You cannot be hasted, slowed, berserked, paralysed or teleported.
You can dig through walls and to a lower floor.
You have a pair of large antennae on your head. (SInv)
Your four strong arms can wield two-handed weapons with a shield.


Message History

The goblin barely misses you.
A gnoll comes into view. It is wielding a +0 flail.
You hit the goblin. You block the goblin's attack.
You hit the goblin.
You kill the goblin!
A ball python comes into view.
You block the gnoll's attack. x2
The quokka bites you.
You take 1 damage, and have 25/27 hp.
The quokka bites you.
You take 3 damage, and have 23/27 hp.
The quokka bites you.
You take 5 damage, and have 18/27 hp.
You extend your mandibles.
You dig through the rock wall.
You dig through the rock wall.
You dig through the rock wall.
The quokka bites you.
You take 4 damage, and have 14/27 hp.
You retract your mandibles.
You closely miss the quokka. The quokka misses you. The quokka bites you.
* * * LOW HITPOINT WARNING * * *
You take 4 damage, and have 10/27 hp.
Unknown command.
You barely miss the quokka. The quokka closely misses you.
Unknown command.
You sock the quokka!
You kill the quokka!
It was a potion of might.
You feel very mighty all of a sudden. The gnoll hits you with a +0 club.
* * * LOW HITPOINT WARNING * * *
You take 4 damage, and have 6/27 hp.
Okay, then.
It was a potion of flight.
You feel very buoyant.
You fly up into the air.
The gnoll closely misses you.
You sock the gnoll! The gnoll hits you with a +0 club.
* * * LOW HITPOINT WARNING * * *
The gnoll hits you with a +0 club.
You die...

## {..# ##.# ..#.# #.#.#
..#.### ##.#{#g## .
#..#.{#@# .. . #..#g####
... ...#######..#.# .$..
.........#..#.#######.....
................gg........
....####.#..#.####g##$...
............#.# #.# #
#.#.####....#.####g########
#.#...##....#.##..gg.......


You could see a gnoll.

Levels and vault maps discovered:
D:1:      dpeg_arrival_court, layout_basic,
          shapermc_ecumenical_altar_mp_highgroup
D:2:      layout_basic, minmay_3d_cube

Notes
Turn   | Place    | Note
-------+----------+-------------------------------------------
     0 | D:1      | puppykicker the Formicid Arcane Marksman began the quest
                  | for the Orb.
     0 | D:1      | Reached XP level 1. HP: 15/15 MP: 2/2
   153 | D:1      | Identified a +0 mace
   211 | D:1      | Identified a +3 plate armour
   225 | D:1      | Identified a +0 dagger
   230 | D:1      | Reached XP level 2. HP: 21/21 MP: 3/3
   245 | D:1      | Learned a level 2 spell: Slow
   329 | D:1      | Found a faded altar of an unknown god.
   472 | D:1      | Identified a +0 buckler
   580 | D:1      | Identified a +0 mace
   584 | D:1      | Identified a +0 hand crossbow
   624 | D:1      | HP: 4/22 [frozen (3)]
   990 | D:1      | Reached XP level 3. HP: 27/27 MP: 4/4
  1177 | D:2      | Identified a +0 club
  1182 | D:2      | Reached skill level 1 in Shields
  1223 | D:2      | Identified a +0 dagger
  1226 | D:2      | Identified a +0 dagger
  1336 | D:2      | Reached skill level 2 in Fighting
  1338 | D:2      | Identified a +0 short sword
  1504 | D:2      | Identified a +0 dagger
  1507 | D:2      | Identified a +0 club
  1507 | D:2      | Identified a +0 spear
  1507 | D:2      | Identified a +0 flail
  1527 | D:2      | Identified 2 potions of might
  1527 | D:2      | HP: 6/27 [gnoll (4)]
  1528 | D:2      | Identified a potion of flight
  1529 | D:2      | HP: 2/27 [gnoll (4)]
  1529 | D:2      | Slain by a gnoll

Table legend: (Time is in decaauts)
 A = Elapsed time spent in this place.
 B = Non-inter-level travel time spent in this place.
 C = Inter-level travel time spent in this place.
 D = Time resting spent in this place.
 E = Time spent auto-exploring this place.
 F = Levels seen in this place.
 G = Mean time per level.
                   A        B        C        D        E       F      G
               +--------+--------+--------+--------+--------+-----+--------+
         Total |   1554 |   1531 |     23 |    342 |    993 |   2 |  777.0 |
       Dungeon |   1554 |   1531 |     23 |    342 |    993 |   2 |  777.0 |
               +--------+--------+--------+--------+--------+-----+--------+

Top non-repeatable levels by time:
     D:1: 1182 daAuts
     D:2: 372 daAuts

Table legend:
 A = Kills in this place as a percentage of kills in entire the game.
 B = Kills by you in this place as a percentage of kills by you in the entire game.
 C = Kills by friends in this place as a percentage of kills by friends in the entire game.
 D = Other kills in this place as a percentage of other kills in the entire game.
 E = Experience gained in this place as a percentage of experience gained in the entire game.
 F = Experience gained in this place divided by the number of levels of this place that you have seen.
                   A       B       C       D       E      F
               +-------+-------+-------+-------+-------+----------------------
         Total | 100.0 | 100.0 |   N/A |   N/A | 100.0 |  26.5
       Dungeon | 100.0 | 100.0 |   N/A |   N/A | 100.0 |  26.5
               +-------+-------+-------+-------+-------+----------------------

Skill      XL: |  1  2  3 |
---------------+----------+-----
Shields        | 1 |  1.6
Fighting       | 2 |  2.0
Crossbows      | |  2.9
Dodging        | |  1.7
Spellcasting   | |  1.1
Hexes          | |  3.6

Action                   || total
-------------------------++-------
Melee: Mace              ||    21
 Fire: Hand crossbow     ||    49
 Abil: Dig               ||     1
  Use: Potion            ||     2
Armor: Robe              ||     7
Dodge: Dodged            ||    23
Block: Buckler           ||     6

Vanquished Creatures
  A dart slug (D:1)
  6 ball pythons
  2 bats
  3 endoplasms
  A giant cockroach (D:2)
  3 goblins
  A hobgoblin (D:1)
  4 jackals
  3 quokkas
  3 frilled lizards (D:1)
  2 kobolds (D:2)
  3 rats
32 creatures vanquished.
